 Dungeon Crawl Stone Soup version 0.28-a0-1555-g9ae15a6949 (webtiles) character file.

Game seed: 7855325923751959407

70 knot the Skirmisher (level 4, 35/35 HPs)
             Began as a Demonspawn Berserker on Jan 19, 2022.
             Was a Believer of Trog.
             Quit the game on level 2 of the Dungeon.
             The game lasted 00:01:29 (2066 turns).

knot the Skirmisher (Demonspawn Berserker)          Turns: 2066, Time: 00:01:30

Health: 35/35      AC:  2    Str: 18    XL:     4   Next: 3%
Magic:  4/4        EV: 12    Int: 10    God:    Trog [**....]
Gold:   100        SH:  0    Dex: 12    Spells: 3/3 levels left

rFire   . . .      SeeInvis +   a - +0 hand axe
rCold   . . .      Faith    .   (no shield)
rNeg    . . .      Spirit   .   b - +0 animal skin
rPois   .          Reflect  .   (helmet restricted)
rElec   .          Harm     .   (no cloak)
rCorr   .          Rampage  .   (no gloves)
Will    .....                   (no boots)
Stlth   +.........              (no amulet)
HPRegen 0.11/turn               g - ring of see invisible
MPRegen 0.09/turn               (no ring)

@: on berserk cooldown, slowed, very slow
A: horns 1, weakness stinger 1, demonic touch 1
a: Renounce Religion, Berserk, Trog's Hand


You were on level 2 of the Dungeon.
You worshipped Trog.
Trog was pleased with you.
You visited 1 branch of the dungeon, and saw 2 of its levels.

You collected 100 gold pieces.

Inventory:

Hand Weapons
 a - a +0 hand axe (weapon)
Missiles
 d - 47 stones
 l - 3 poisoned darts
 n - 6 boomerangs (quivered)
 o - 9 arrows
Armour
 b - a +0 animal skin (worn)
Jewellery
 g - a ring of see invisible (left hand)
Scrolls
 c - a scroll of enchant weapon {unknown}
 f - 3 scrolls of identify {unknown}
 i - a scroll of brand weapon {unknown}
 j - a scroll of blinking {unknown}
 k - a scroll of fear {unknown}
 m - 2 scrolls of teleportation {unknown}
 p - a scroll of magic mapping {unknown}
Potions
 e - 2 potions of haste {unknown}
 h - a potion of flight {unknown}


   Skills:
 - Level 3.3 Fighting
 * Level 3.3 Axes
 * Level 0.9 Throwing
 - Level 2.3 Armour
 - Level 2.3 Dodging


You had 3 spell levels left.
You didn't know any spells.
Your spell library was empty.

Dungeon Overview and Level Annotations

Branches:
Dungeon (2/15)

Altars:
Elyvilon


Innate Abilities, Weirdness & Mutations

You have a pair of small horns on your head.
You have a small tail.
Your touch may inflict minor irresistible damage on your foes.


Message History

You closely miss the adder. The adder barely misses you.
You hit the adder.
The adder is moderately wounded.
The adder bites you but does no damage.
You hit the adder.
You tail-slap the adder, but do no damage.
The adder is almost dead.
The adder bites you. The adder closely misses you.
You barely miss the adder. Your headbutt misses the adder.
You tail-slap the adder, but do no damage.
The adder is almost dead.
The adder bites you.
You hit the adder.
You kill the adder!
Trog accepts your kill.
No target in view!
You open the door.
An adder comes into view.
An adder is nearby!
A red film seems to cover your vision as you go berserk!
You feel yourself moving faster!
You feel mighty! The adder bites you.
You completely miss the adder. The adder bites you.
You slash the adder!
You feel the power of Trog in you as your rage grows.
You kill the adder!
Trog accepts your kill.
You have reached level 4!
You feel stronger.
Your demonic ancestry asserts itself...
Your hands begin to faintly glow with unholy energy.
You start resting.
You feel a strong urge to attack something.
You start resting.
You feel your anger nearly subside.
You start resting.
You are no longer berserk.
You are exhausted.
You feel yourself slow down.
You start resting.
HP restored.
Are you sure you want to abandon this character and quit the game? (Confirm with "yes".)

####...#######
#..'...'..#..#
#..#...#..#..#
#+#####...#####†####
+.....#...#.....'..#
#.....#...#.....#..#
#.....†...'.....####
#.....#...#.....#..#
+.....#...#.....@..#
#+#####...#####†####
#...# #.. +...+ #..
#...# ### ...##


There were no monsters in sight!

Vanquished Creatures
  3 adders (D:2)
  A dart slug (D:2)
  2 endoplasms (D:2)
  A goblin (D:2)
  4 hobgoblins
  5 jackals (D:1)
  12 ball pythons
  2 bats (D:1)
  3 frilled lizards
  4 kobolds
  5 rats (D:1)
42 creatures vanquished.

Notes
Turn   | Place    | Note
-------+----------+-------------------------------------------
     0 | D:1      | knot the Demonspawn Berserker began the quest for the Orb.
     0 | D:1      | Reached XP level 1. HP: 18/18 MP: 1/1
   186 | D:1      | Discovered your monstrous ancestry.
   186 | D:1      | Gained mutation: You have a small tail. [demonic ancestry]
   186 | D:1      | Reached XP level 2. HP: 9/24 MP: 2/2
  1377 | D:1      | Found a faded altar of an unknown god.
  1450 | D:2      | Gained mutation: You have a pair of small horns on your
                  | head. [demonic ancestry]
  1450 | D:2      | Reached XP level 3. HP: 23/29 MP: 3/3
  1829 | D:2      | Reached ** piety under Trog
  2046 | D:2      | Gained mutation: Your touch may inflict minor irresistible
                  | damage on your foes. [demonic ancestry]
  2046 | D:2      | Reached XP level 4. HP: 35/35 MP: 4/4
  2066 | D:2      | Quit the game

Illustrated notes

Levels and vault maps discovered:
D:1:      lightli_arrival_isolated_outpost, layout_loops_ring,
          shapermc_ecumenical_altar_mp_vishouse, minmay_misc_feat_tower
D:2:      layout_rooms, basic_altar, minmay_snake_closets

Skill      XL: |  1  2 |
---------------+-------+-----
Armour         | 2 |  2.3
Dodging        | 2 |  2.3
Axes           | 3 |  3.3
Fighting       | |  3.3
Throwing       | |  0.9

Action                   |  1- 3 |  4- 6 || total
-------------------------+-------+-------++-------
Melee: Hand axe          |   104 |       ||   104
       Tailslap          |    11 |       ||    11
       Punch             |     1 |       ||     1
       Headbutt          |     4 |       ||     4
Throw: Boomerang         |    13 |       ||    13
Invok: Berserk           |     2 |       ||     2
Armor: Animal skin       |    20 |       ||    20
Dodge: Dodged            |    78 |       ||    78

Table legend: (Time is in decaauts)
 A = Elapsed time spent in this place.
 B = Non-inter-level travel time spent in this place.
 C = Inter-level travel time spent in this place.
 D = Time resting spent in this place.
 E = Time spent auto-exploring this place.
 F = Levels seen in this place.
 G = Mean time per level.
                   A        B        C        D        E       F      G
               +--------+--------+--------+--------+--------+-----+--------+
         Total |   2111 |   2073 |     38 |    242 |   1576 |   2 | 1055.5 |
       Dungeon |   2111 |   2073 |     38 |    242 |   1576 |   2 | 1055.5 |
               +--------+--------+--------+--------+--------+-----+--------+

Top non-repeatable levels by time:
     D:1: 1447 daAuts
     D:2: 664 daAuts
